 Dungeon Crawl Stone Soup version 0.28-b1-25-g9875b3fc8c (webtiles) character file.

Game seed: 6346816153380332561

7 crazypyro the Insei (level 1, -2/15 HPs)
             Began as a Demonspawn Transmuter on Jan 31, 2022.
             Slain by a quokka (3 damage)
             ... on level 1 of the Dungeon.
             The game lasted 00:00:34 (337 turns).

crazypyro the Insei (Demonspawn Transmuter)          Turns: 337, Time: 00:00:34

Health: -2/15      AC:  2    Str: 10    XL:     1   Next: 83%
Magic:  2/3        EV: 12    Int: 14    God:
Gold:   3          SH:  0    Dex: 13    Spells: 3/4 levels left

rFire   . . .      SeeInvis .     - Unarmed
rCold   . . .      Faith    .   (no shield)
rNeg    . . .      Spirit   .   a - +0 robe
rPois   .          Reflect  .   (helmet currently unavailable)
rElec   .          Harm     .   (no cloak)
rCorr   .          Rampage  .   (no gloves)
Will    .....                   (boots currently unavailable)
Stlth   +.........              (no amulet)
HPRegen 0.05/turn               (no ring)
MPRegen 0.08/turn               (no ring)

@: appendages (expiring)
A: horns 2, talons 2
a: End Transformation


You were on level 1 of the Dungeon.
You had temporarily grown beastly horns and talons.
You visited 1 branch of the dungeon, and saw 1 of its levels.

You collected 3 gold pieces.

Inventory:

Armour
 a - a +0 robe (worn)


   Skills:
 + Level 1.2 Fighting
 + Level 1.9 Dodging
 + Level 2.8 Unarmed Combat
 + Level 2.1 Spellcasting
 + Level 1.9 Transmutations


You had 3 spell levels left.
You knew the following spells:

 Your Spells              Type           Power      Damage    Failure   Level
a - Beastly Appendage     Tmut           12%        N/A       11%         1

Your spell library contained the following spells:

 Spells                   Type           Power      Damage    Failure   Level
 Wereblood                Tmut           6%         N/A       16%         2
 Spider Form              Tmut/Pois      4%         N/A       43%         3
 Ice Form                 Ice/Tmut       4%         N/A       85%         4


Dungeon Overview and Level Annotations

Branches:
Dungeon (1/15)

Altars:


Innate Abilities, Weirdness & Mutations

You have temporarily grown beastly horns and talons.


Message History

Items here: ( )) ÷÷ †.
Found a stone staircase leading down.
A quokka comes into view.
The quokka closely misses you.
You hit the quokka but do no damage. The quokka closely misses you.
You closely miss the quokka. The quokka bites you.
You hit the quokka but do no damage. The quokka bites you.
You hit the quokka.
The quokka is lightly wounded.
The quokka bites you.
You closely miss the quokka.
The quokka is lightly wounded.
The quokka bites you.
You are too injured to fight recklessly!
You are too injured to fight recklessly!
Casting: Beastly Appendage (safe; 11% risk of failure)
Confirm with . or Enter, or press ? or * to list all spells.
You grow a pair of large bovine horns.
Your feet morph into talons.
The quokka closely misses you.
Unknown command.
You are too injured to fight recklessly!
You are too injured to fight recklessly!
You are too injured to fight recklessly!
You hit the quokka but do no damage. Your kick misses the quokka.
The quokka is lightly wounded.
The quokka bites you but does no damage.
You hit the quokka. Your kick misses the quokka.
The quokka is heavily wounded.
Your transformation is almost over.
The quokka bites you.
* * * LOW HITPOINT WARNING * * *
The quokka barely misses you.
You closely miss the quokka. Your kick misses the quokka.
The quokka is heavily wounded.
The quokka bites you.
* * * LOW HITPOINT WARNING * * *
You hit the quokka. Your kick misses the quokka.
The quokka is severely wounded.
The quokka bites you.
You die...

....#
...#### ..
...... #.#
#....# ..
#....#
#.##....#
#..#.r..#
##≈≈≈≈≈≈
#.#.@..#
##≈≈≈≈≈≈.
#......#
##≈≈≈≈≈≈≈.
##.....#
#≈≈≈8≈≈≈≈≈
#.....#
##≈≈≈≈≈≈≈≈≈
#.....#
#.≈≈≈≈≈≈≈≈≈
#.....#
..≈≈≈≈≈≈≈≈≈
##....#
#.≈≈≈≈≈≈≈<.
#+# #.>###
#.≈≈≈≈≈≈..>
...^.###.##
.#.≈≈≈≈≈.≈≈≈


You could see a quokka.

Vanquished Creatures
  A bat (D:1)
  A giant cockroach (D:1)
  A ball python (D:1)
  A frilled lizard (D:1)
  2 goblins (D:1)
  A rat (D:1)
7 creatures vanquished.

Notes
Turn   | Place    | Note
-------+----------+-------------------------------------------
     0 | D:1      | crazypyro the Demonspawn Transmuter began the quest for the
                  | Orb.
     0 | D:1      | Reached XP level 1. HP: 15/15 MP: 3/3
   337 | D:1      | Slain by a quokka

Illustrated notes

Levels and vault maps discovered:
D:1:      nzn_arrival_water_spiral, layout_basic,
          ebering_ecumenical_altar_abandoned, nicolae_shop_unique_rings,
          minmay_pentomino_t4

Action                   || total
-------------------------++-------
Melee: Unarmed           ||    27
       Headbutt          ||     3
       Kick              ||     2
 Cast: Beastly Appendage ||     2
Armor: Robe              ||     6
Dodge: Dodged            ||    14
